 Dungeon Crawl Stone Soup version 0.23.2-1-ga50397a (webtiles) character file.

Game seed: 61764572663798644

202 Borgoz the Chopper (level 5, 38/46 HPs)
             Began as a Hill Orc Gladiator on May 15, 2019.
             Was an Initiate of Ashenzari.
             Quit the game on level 3 of the Dungeon.
             The game lasted 00:04:27 (2609 turns).

Borgoz the Chopper (Hill Orc Gladiator)             Turns: 2609, Time: 00:04:27

Health: 38/46      AC:  7    Str: 17    XL:     5   Next: 80%
Magic:  5/5        EV: 12    Int:  8    God:    Ashenzari [......]
Gold:   130        SH:  0    Dex: 13    Spells: 4/4 levels left

rFire    . . .     SeeInvis .   a - +0 war axe
rCold    . . .     Gourm    .   (no shield)
rNeg     . . .     Faith    .   g - +0 ring mail
rPois    .         Spirit   .   c - +0 helmet
rElec    .         Reflect  .   t - +0 cloak
rCorr    .         Harm     .   (no gloves)
MR       .....                  (no boots)
Stlth    +.........             (no amulet)
HPRegen  0.15/turn              (no ring)
MPRegen  0.09/turn              (no ring)

@: no status effects
A: no striking features
a: Curse Item, Renounce Religion


You were on level 3 of the Dungeon.
You worshipped Ashenzari.
Ashenzari was noncommittal.
You were not hungry.

You visited 1 branch of the dungeon, and saw 3 of its levels.

You collected 130 gold pieces.

Inventory:

Hand Weapons
 a - a +0 war axe (weapon)
Missiles
 d - 3 throwing nets (quivered)
Armour
 c - a +0 helmet (worn)
 g - a +0 ring mail (worn)
 t - a +0 cloak (worn)
Wands
 l - a wand of flame (12)
Scrolls
 e - 4 scrolls of enchant armour {unknown}
 h - a scroll of blinking {unknown}
 i - a scroll of amnesia {unknown}
 j - 3 scrolls of teleportation {unknown}
 k - 3 scrolls of identify {unknown}
 n - 2 scrolls of noise {unknown}
 r - a scroll of remove curse
Potions
 m - a potion of cancellation {unknown}
 o - 2 potions of ambrosia
 p - a potion of curing {unknown}
 q - a potion of lignification {unknown}
 s - a potion of haste {unknown}
Comestibles
 f - 8 rations


   Skills:
 + Level 3.8 Fighting
 * Level 6.1 Axes
 - Level 1.7 Throwing
 + Level 2.3 Armour
 + Level 3.1 Dodging


You had 4 spell levels left.
You didn't know any spells.
Your spell library was empty.

Dungeon Overview and Level Annotations

Branches:
Dungeon (3/15)

Altars:
Ashenzari
Dithmenos
Gozag
Kikubaaqudgha
Qazlal
Uskayaw
The Shining One

Annotations:
D:3 1 runed translucent door, Crazy Yiuf


Message History

The ball python constricts you.
There is an open door here.
You see here a river rat corpse.
You slash the ball python!
You kill the ball python!
You closely miss the ball python. You hit the rat.
You kill the rat!
The ball python bites you but does no damage.
The ball python barely misses you. The ball python closely misses you.
The ball python barely misses you.
You barely miss the ball python.
The ball python bites you but does no damage.
The ball python grabs you. The ball python constricts you.
You hit the ball python.
You kill the ball python!
No target in view!
No target in view!
No target in view!
No target in view!
Are you sure you want to abandon this character and quit the game? (Confirm with "yes".)

##########
#.≈≈≈+≈≈≈#
#.≈.≈#≈.≈#
#.≈.≈#†≈≈#
#...≈#@###
#...≈†≈≈≈#
#....≈≈..#
#.......≈#
#........#
####
###.#††###
..>#
#...##
##.# ##..#
#.# ##.##


There were no monsters in sight!

Vanquished Creatures
  A crimson imp (D:2)
  Jessica (D:3)
  4 adders (D:2)
  A river rat (D:3)
  An ooze (D:3)
  5 worms
  2 dart slugs
  4 leopard geckos
  2 orcs (D:3)
  13 bats
  6 giant cockroaches
  3 goblins
  6 hobgoblins
  6 kobolds
  5 ball pythons (D:3)
  2 frilled lizards
  8 rats
70 creatures vanquished.

Notes
Turn   | Place    | Note
-------+----------+-------------------------------------------
     0 | D:1      | Borgoz the Hill Orc Gladiator began the quest for the Orb.
     0 | D:1      | Reached XP level 1. HP: 18/18 MP: 1/1
   122 | D:1      | Reached XP level 2. HP: 25/25 MP: 2/2
   570 | D:1      | Reached skill level 1 in Armour
   697 | D:2      | Reached XP level 3. HP: 27/30 MP: 3/3
   800 | D:2      | Reached skill level 5 in Axes
   814 | D:2      | Reached XP level 4. HP: 31/38 MP: 4/4
  1048 | D:2      | Found a faded altar of an unknown god.
  1275 | D:2      | Found a hide-covered altar of Uskayaw.
  1275 | D:2      | Found a glowing golden altar of the Shining One.
  1415 | D:2      | Reached XP level 5. HP: 45/45 MP: 5/5
  1500 | D:2      | Found a stormy altar of Qazlal.
  1804 | D:3      | Found a shadowy altar of Dithmenos.
  1840 | D:3      | Noticed Jessica
  1845 | D:3      | Killed Jessica
  1881 | D:3      | Found an opulent altar of Gozag.
  2220 | D:3      | Found a runed translucent door.
  2221 | D:3      | Noticed Crazy Yiuf
  2288 | D:3      | Found an ancient bone altar of Kikubaaqudgha.
  2294 | D:3      | Found a shattered altar of Ashenzari.
  2311 | D:3      | Became a worshipper of Ashenzari the Shackled
  2337 | D:3      | Reached skill level 6 in Axes
  2609 | D:3      | Quit the game

Skill      XL: |  1  2  3  4  5 |
---------------+----------------+-----
Armour         | 1 2 |  2.3
Fighting       | 3 |  3.8
Axes           | 5 6 |  6.1
Dodging        | 3 |  3.1
Throwing       | |  1.7

Action                   |  1- 3 |  4- 6 || total
-------------------------+-------+-------++-------
Melee: War axe           |    78 |   123 ||   201
  Use: Potion            |     2 |       ||     2
  Eat: Chunk             |       |     6 ||     6
Armor: Leather armour    |    35 |       ||    35
       Ring mail         |    11 |    45 ||    56
Dodge: Dodged            |    73 |    72 ||   145
